 Dungeon Crawl Stone Soup version 0.26.1-2-gb8aa6d0cf2 (webtiles) character file.

Game seed: 16372397915905774518

2252 Almogavar the Blocker (level 9, -13/75 HPs)
             Began as a Minotaur Fighter on Mar 24, 2021.
             Was a Believer of Okawaru.
             Mangled by a death yak (23 damage)
             ... on level 8 of the Dungeon.
             The game lasted 00:22:11 (8570 turns).

Almogavar the Blocker (Minotaur Fighter)            Turns: 8570, Time: 00:22:11

Health: -13/75     AC: 13    Str: 32    XL:     9   Next: 15%
Magic:  0/0        EV:  8    Int: 11    God:    Okawaru [**....]
Gold:   460        SH: 18    Dex: 10    Spells: 8/8 levels left

rFire    . . .     SeeInvis .   C - +11 morningstar of the Slime-mould {flame, MP-9 Str+8}
rCold    . . .     Faith    .   c - +1 kite shield
rNeg     . . .     Spirit   .   e - +0 chain mail
rPois    .         Reflect  +   (helmet restricted)
rElec    .         Harm     .   (no cloak)
rCorr    .         Rampage  .   t - +0 pair of gloves
Will     .....                  v - +0 pair of boots
Stlth    ..........             s - amulet of reflection
HPRegen  0.22/turn              k - +6 ring of intelligence
MPRegen  0.07/turn              (no ring)

@: about to teleport
A: retaliatory headbutt, horns 2
a: Renounce Religion, Heroism


You were on level 8 of the Dungeon.
You worshipped Okawaru.
Okawaru was pleased with you.
You visited 2 branches of the dungeon, and saw 9 of its levels.

You collected 460 gold pieces.

Inventory:

Hand Weapons
 a - a +1 long sword
 x - a +0 hunting sling
 C - the +11 morningstar of the Slime-mould (weapon) {flame, MP-9 Str+8}
   (You found it on level 7 of the Dungeon)

   It has been specially enchanted to burn those struck by it, causing extra
   injury to most foes and up to half again as much damage against particularly
   susceptible opponents.
   It affects your strength (+8).
   It affects your magic capacity (-9).
Missiles
 h - 198 stones (quivered)
 i - 100 sling bullets
Armour
 c - a +1 kite shield (worn)
 e - a +0 chain mail (worn)
 t - a +0 pair of gloves (worn)
 v - a +0 pair of boots (worn)
Jewellery
 k - a +6 ring of intelligence (left hand)
 s - an amulet of reflection (around neck)
Wands
 D - a wand of paralysis (7)
Scrolls
 b - 3 scrolls of enchant weapon
 l - 6 scrolls of amnesia
 q - a scroll of acquirement {unknown}
 y - 2 scrolls of teleportation
 A - a scroll of remove curse
 E - 2 scrolls of enchant armour
Potions
 d - 2 potions of might
 f - 2 potions of flight
 g - 2 potions of cancellation
 j - 3 potions of invisibility {unknown}
 m - a potion of resistance
 n - 2 potions of brilliance {unknown}
 o - 6 potions of curing {unknown}
 p - a potion of magic {unknown}
 u - a potion of ambrosia {unknown}
 w - 4 potions of lignification {unknown}
 z - a potion of heal wounds {unknown}
 B - a potion of mutation {unknown}


   Skills:
 + Level 6.0 Fighting
 - Level 6.3 Long Blades
 * Level 6.2 Maces & Flails
 + Level 8.1 Armour
 + Level 2.3 Dodging
 - Level 0.1 Stealth
 + Level 8.1 Shields


You had 8 spell levels left.
You didn't know any spells.
Your spell library was empty.

Dungeon Overview and Level Annotations

Branches:
Dungeon (8/15)             Temple (1/1) D:4            Lair (0/6) D:8

Altars:
Dithmenos
Elyvilon
Gozag
Kikubaaqudgha
Makhleb
Nemelex Xobeh
Okawaru
Sif Muna
Trog
Vehumet
Wu Jian
Xom
Yredelemnul
Zin
The Shining One

Shops:
D:4 *   D:5 (

Annotations:
D:4 1 runed translucent door
D:5 3 runed translucent doors, LemonRage's ghost, amateur DEAE


Innate Abilities, Weirdness & Mutations

You reflexively headbutt those who attack you in melee.
You have a pair of horns on your head.


Message History

You headbutt the death yak, but do no damage.
The death yak is moderately wounded.
The death yak gores you! You block the death yak's attack.
The death yak gores you!!
As you read the scroll of teleportation, it crumbles to dust.
You feel strangely unstable. The death yak gores you!!
Your surroundings seem slightly different.
The death yak snorts and paws the ground.
As you read the scroll of magic mapping, it crumbles to dust.
You feel aware of your surroundings.
You sensed 1 altar.
You block the death yak's attack.
The death yak gores you but does no damage. x2
As you read the scroll of teleportation, it crumbles to dust.
You feel strangely unstable.
The death yak gores you but does no damage.
You block the death yak's attack. The death yak gores you!!
* * * LOW HITPOINT WARNING * * *
You block the death yak's attack. The death yak gores you!!
You die...

####...####.#.#....
##...........>......
##.............##....
#...............#....
#...............#....
#...............#....
#...............#....
#..Y............#....
##.Y@..........######
##YY...#.....##
#############


You could see 4 death yaks.

Vanquished Creatures
  A death yak (D:7)
  Eustachio (D:6)
  Menkaure (D:6)
  A sky beast (D:5)
  2 ogres
  2 centaurs
  A bullfrog (D:7)
  A wyvern skeleton (D:8)
  4 scorpions
  2 hounds (D:8)
  2 bullfrog skeletons
  A gnoll shaman (D:3)
  2 orc wizards
  An iguana (D:4)
  2 worker ants (D:5)
  A hound zombie (D:6)
  A hound skeleton (D:8)
  12 adders
  10 gnolls
  2 shadow imps
  An ufetubus (D:8)
  2 oozes
  A dart slug (D:2)
  A worm (D:2)
  2 leopard geckos
  13 orcs
  7 bats
  6 giant cockroaches
  7 goblins
  4 hobgoblins
  10 jackals
  8 kobolds
  4 quokkas
  4 ball pythons
  3 frilled lizards
  A leopard gecko zombie (D:7)
  A quokka skeleton (D:5)
  10 rats
135 creatures vanquished.

Notes
Turn   | Place    | Note
-------+----------+-------------------------------------------
     0 | D:1      | Almogavar the Minotaur Fighter began the quest for the Orb.
     0 | D:1      | Reached XP level 1. HP: 19/19 MP: 0/0
   183 | D:1      | Reached XP level 2. HP: 25/27 MP: 1/1
   745 | D:1      | Reached XP level 3. HP: 33/33 MP: 2/2
  1479 | D:2      | Reached XP level 4. HP: 40/40 MP: 3/3
  1891 | D:2      | Found an ancient bone altar of Kikubaaqudgha.
  1938 | D:2      | You fall into a shaft and drop 1 floor!
  2558 | D:3      | Found a sparkling altar of Nemelex Xobeh.
  3342 | D:4      | Reached XP level 5. HP: 37/47 MP: 4/4
  3519 | D:4      | Found a runed translucent door.
  3519 | D:4      | Noticed a human
  3523 | D:4      | Found a basalt altar of Yredelemnul.
  3541 | D:4      | Found Eniaq's Elemental Accessories.
  3622 | D:3      | Reached skill level 5 in Shields
  3636 | D:4      | Reached skill level 5 in Armour
  4088 | D:4      | Reached XP level 6. HP: 40/53 MP: 5/5
  4295 | D:4      | Reached skill level 1 in Dodging
  4514 | D:4      | Found a staircase to the Ecumenical Temple.
  4571 | D:5      | Entered Level 5 of the Dungeon
  4919 | D:5      | Found a runed translucent gate.
  4919 | D:5      | Found a runed translucent gate.
  4919 | D:5      | Found a runed translucent gate.
  4920 | D:5      | Identified the cursed +1 dagger of Pithamp {drain, +Rage
                  | rElec rN+++ Dex-2}
  4920 | D:5      | Noticed LemonRage's ghost (amateur DEAE)
  4959 | D:5      | Found Epikluku's Antique Weapon Emporium.
  4991 | D:5      | Noticed a sky beast
  5020 | D:5      | Killed a sky beast
  5021 | D:5      | Reached skill level 5 in Long Blades
  5021 | D:5      | Reached XP level 7. HP: 12/60 MP: 6/6
  6058 | Temple   | Entered the Ecumenical Temple
  6069 | Temple   | Became a worshipper of Warmaster Okawaru
  6111 | D:6      | Noticed Eustachio
  6133 | D:6      | Killed Eustachio
  6379 | D:6      | Reached skill level 5 in Fighting
  6608 | D:6      | Found a shimmering altar of Xom.
  6735 | D:6      | Reached XP level 8. HP: 59/68 MP: 7/7
  6830 | D:6      | Found an ornate altar of the Wu Jian Council.
  6831 | D:6      | Found a white marble altar of Elyvilon.
  6845 | D:6      | Found a glowing silver altar of Zin.
  6875 | D:6      | Noticed Menkaure
  6888 | D:6      | Killed Menkaure
  6888 | D:6      | Reached * piety under Okawaru
  7060 | D:6      | Found a shadowy altar of Dithmenos.
  7298 | D:6      | Found a burning altar of Makhleb.
  7481 | D:7      | Got a bloodstained morningstar
  7484 | D:7      | Identified the +11 morningstar of the Slime-mould {flame,
                  | MP-9 Str+8} (You found it on level 7 of the Dungeon)
  7804 | D:8      | Reached skill level 1 in Maces & Flails
  7915 | D:8      | Noticed a death yak
  7915 | D:8      | Noticed a death yak
  7915 | D:8      | Noticed a death yak
  7916 | D:8      | Noticed a death yak
  7918 | D:8      | Noticed a death yak
  7943 | D:7      | Killed a death yak
  7943 | D:7      | Reached ** piety under Okawaru
  7944 | D:7      | Reached skill level 5 in Maces & Flails
  7944 | D:7      | Reached XP level 9. HP: 63/75 MP: 0/8
  7998 | D:8      | Noticed a death yak
  7998 | D:8      | Noticed a death yak
  8401 | D:8      | Found a staircase to the Lair.
  8550 | D:8      | Noticed a death yak
  8570 | D:8      | Mangled by a death yak

Illustrated notes

Levels and vault maps discovered:
D:1:      erik_arrival_cave_to_civilisation [erik_arrival_cave_to_hall],
          layout_basic
D:2:      layout_rooms, kiku_gazebo_garden_becter, minmay_pentomino_w4
D:3:      cheibrodos_helix_gallery, layout_basic, nemelex_altar_shiori
D:4:      layout_basic, minmay_temple_entry_from_below_b,
          nicolae_elemental_shop, dk_yredelemnul_ordeal
D:5:      layout_basic, gammafunk_ghost_nasty_kobolds, serial_shops, shop
D:6:      layout_basic, lightli_temple_of_fire, xom_teletrap_fun, zin_academy,
          gammafunk_temple_overflow_forgotten, uniq_eustachio, uniq_menkaure
D:7:      layout_basic
D:8:      layout_rooms, dpeg_lair_monsters, trog_three_pillars_becter
Temple:   eino_temple_water

Skill      XL: |  1  2  3  4  5  6  7  8  9 |
---------------+----------------------------+-----
Fighting       | 4 5 6 |  6.0
Armour         | 4 5 7 8 |  8.1
Shields        | 4 5 6 7 8 |  8.1
Long Blades    | 3 4 5 6 |  6.3
Dodging        | 1 2 |  2.3
Maces & Flails | 5 6 |  6.2
Stealth        | |  0.1

Action                   |  1- 3 |  4- 6 |  7- 9 || total
-------------------------+-------+-------+-------++-------
Melee: Long sword        |    82 |   283 |   124 ||   489
       Headbutt          |     8 |    34 |    32 ||    74
       Morningstar       |       |       |    32 ||    32
  Use: Scroll            |     8 |     4 |     6 ||    18
       Potion            |       |       |     1 ||     1
Armor: Scale mail        |    38 |    25 |       ||    63
       Chain mail        |       |   140 |    44 ||   184
Dodge: Dodged            |    21 |    63 |    40 ||   124
Block: Kite shield       |    42 |   185 |   120 ||   347
       Reflection        |       |       |     3 ||     3
       Rpst.: Long sword |     6 |    23 |     6 ||    35
